 Dungeon Crawl Stone Soup version 0.24.0-123-gd5b16e6ec5 (webtiles) character file.

Game seed: 5596460452331376925, levelgen mode: deterministic

19061 Mrkan the Grappler (level 12, -17/111 HPs)
             Began as a Troll Fighter on Dec 17, 2019.
             Was the Champion of Ru.
             Demolished by an alligator simulacrum (26 damage)
             ... in an ice cave.
             The game lasted 00:21:52 (10874 turns).

Mrkan the Grappler (Troll Fighter)                 Turns: 10874, Time: 00:21:52

Health: -17/111    AC:  9    Str: 27    XL:     12   Next: 33%
Magic:  11/11      EV:  7    Int:  8    God:    Ru [******]
Gold:   691        SH: 18    Dex:  9    Spells: 11/11 levels left

rFire    . . .     SeeInvis .     - Unarmed
rCold    . . .     Gourm    +   x - +0 large shield
rNeg     . . .     Faith    .   a - +0 robe
rPois    +         Spirit   .   R - +0 hat
rElec    .         Reflect  .   w - +2 cloak
rCorr    .         Harm     .   (gloves unavailable)
MR       .....                  (boots unavailable)
Stlth    +.........             (no amulet)
HPRegen  0.68/turn              o - ring of poison resistance
MPRegen  0.12/turn              (no ring)

@: no status effects
A: large, unfitting armour, claws 3, fast metabolism 3, frail 1, gourmand,
regeneration 1, shaggy fur 1, tough skin 3, hated by all, inability to train
dodging, inexperienced 1
a: Draw Out Power, Power Leap, Apocalypse, Renounce Religion


You were in an ice cave.
You worshipped Ru.
Ru was exalted by your worship.
You were very full.

You visited 3 branches of the dungeon, and saw 14 of its levels.
You also visited: Bailey and Ice Cave.

You collected 758 gold pieces.
You spent 67 gold pieces at shops.

Inventory:

Missiles
 J - 4 throwing nets (quivered)
 N - 7 curare-tipped darts
Armour
 a - a +0 robe (worn)
 w - a +2 cloak (worn)
 x - a +0 large shield (worn)
 R - a +0 hat (worn)
Jewellery
 o - a ring of poison resistance (left claw)
 y - an uncursed ring of positive energy {unknown}
 K - a +3 ring of protection {unknown}
Wands
 t - a wand of iceblast (16)
 D - a wand of random effects (13)
 F - a wand of paralysis (5)
 H - a wand of polymorph (25)
 M - a wand of flame (16)
 O - a wand of disintegration (24)
Scrolls
 b - a scroll of magic mapping
 e - 13 scrolls of identify
 f - a scroll of noise
 i - 5 scrolls of remove curse
 j - a scroll of blinking {unknown}
 k - 8 scrolls of enchant weapon
 l - a scroll of random uselessness {unknown}
 s - 7 scrolls of teleportation
 v - a scroll of amnesia {unknown}
 z - a scroll of fear {unknown}
 C - a scroll of enchant armour
 E - a scroll of acquirement {unknown}
 I - a scroll of summoning {unknown}
 L - a scroll of fog
Potions
 c - 5 potions of might
 g - a potion of resistance
 h - 2 potions of heal wounds {unknown}
 m - 8 potions of curing
 n - a potion of magic {unknown}
 p - a potion of degeneration {unknown}
 q - 2 potions of ambrosia {unknown}
 r - 2 potions of invisibility {unknown}
 u - a potion of haste {unknown}
 A - 2 potions of mutation {unknown}
 B - 4 potions of lignification {unknown}
 G - a potion of flight {unknown}
 P - a potion of cancellation {unknown}
 Q - a potion of agility {unknown}
 T - a potion of brilliance {unknown}
Comestibles
 d - 24 rations
 S - 3 chunks of flesh


   Skills:
 + Level 9.4 Fighting
 * Level 8.3 Throwing
 + Level 9.4 Shields
 - Level 12.1 Unarmed Combat


You had 11 spell levels left.
You didn't know any spells.
Your spell library contained the following spells:

 Spells                   Type           Power        Failure   Level  Hunger
 Shock                    Conj/Air       #...         82%         1    ##.....
 Swiftness                Chrm/Air       #.......     91%         2    ###....
 Static Discharge         Conj/Air       #.......     99%         3    ####...
 Airstrike                Air            #.........   100%        4    #####..
 Lightning Bolt           Conj/Air       #.........   100%        5    ######.


Dungeon Overview and Level Annotations

Branches:
Dungeon (11/15)            Temple (1/1) D:4            Lair (2/6) D:11
    Orc (0/2) D:9          Bailey (visited)           IceCv (1/1)
  Swamp: Lair:2-4    Shoals: Lair:2-4     Snake: Lair:2-4    Spider: Lair:2-4

Altars:
Ashenzari
Cheibriados
Dithmenos
Elyvilon
Fedhas
Gozag
Hepliaklqana
Kikubaaqudgha
Makhleb
Nemelex Xobeh
Okawaru
Qazlal
Ru
Sif Muna
Trog
Uskayaw
Vehumet
Wu Jian
Xom
Yredelemnul
Zin
The Shining One

Shops:
D:4 (   D:5 :   D:7 [   D:8 (

Annotations:
D:5 2 transporters
D:6 1 runed translucent door


Innate Abilities, Weirdness & Mutations

You are too large for most types of armour.
You have claws for hands.
Your metabolism is lightning-fast.
You are frail. (-10% HP)
You like to eat raw meat.
Your natural rate of healing is unusually fast.
You are covered in fur. (AC +1)
You have extremely tough skin. (AC +3)
You are hated by all.
You cannot train Dodging skill.
You are somewhat inexperienced. (-2 XL)


Message History

You mangle the death yak simulacrum!!
The death yak simulacrum vapourises!
You block the wolf simulacrum's attack.
You block the wolf spider simulacrum's attack.
The wolf spider simulacrum bites you. The wolf spider simulacrum freezes you!
You barely miss the wolf spider simulacrum.
The wolf simulacrum is stunned by your will and fails to attack.
The wolf spider simulacrum hits you but does no damage.
The wolf spider simulacrum bites you. The wolf spider simulacrum freezes you!
You focus your will and illuminate the wolf spider simulacrum in retribution!
You eviscerate the wolf spider simulacrum!!!
The wolf spider simulacrum is almost destroyed.
The wolf simulacrum barely misses you. The wolf spider simulacrum hits you!!
The wolf spider simulacrum freezes you!
* * * LOW HITPOINT WARNING * * *
You block the wolf spider simulacrum's attack.
The alligator simulacrum bites you!
* * * LOW HITPOINT WARNING * * *
The alligator simulacrum freezes you!!
You die...

#####
##...##
##..∩..##
#.......#
#...∩...#
##.....##
##.@.##


#ZZZ# #...## #...# ##... ##.. ##. .# You could see a wolf simulacrum, an
alligator simulacrum and a wolf spider simulacrum.

Vanquished Creatures
  Gastronok (Lair:1)
  A two-headed ogre (D:11)
  3 death yaks (D:11)
  Sonja (D:11)
  2 unseen horrors (D:11)
  Pikel (D:5)
  2 black mambas (Lair:1)
  A komodo dragon (Lair:1)
  2 trolls
  Prince Ribbit (D:5)
  2 hornets
  3 hippogriffs
  A shadow (D:11)
  2 wyverns
  32 yaks
  A basilisk (Lair:1)
  Grum (D:9)
  A death yak simulacrum (IceCv)
  2 soldier ants
  6 water moccasins
  3 porcupines (Lair:1)
  10 ice beasts
  A black bear (D:7)
  5 orc warriors
  2 sky beasts
  A phantom (D:9)
  9 wolves
  11 ogres
  A necrophage (D:11)
  8 centaurs
  A crocodile (Lair:1)
  2 big kobolds
  5 bullfrogs
  8 gnoll sergeants (Bailey)
  A wyvern zombie (D:7)
  3 scorpions
  5 killer bees
  2 crimson imps
  5 hounds
  A quasit (D:11)
  2 centaur zombies
  3 jellies
  7 gnoll shamans
  6 orc priests
  2 bullfrog skeletons
  Crazy Yiuf (D:7)
  An iguana (D:5)
  4 orc wizards
  11 worker ants
  27 adders
  17 gnolls
  2 shadow imps (D:11)
  An ooze (D:4)
  An adder skeleton (D:8)
  An adder zombie (D:9)
  3 worms
  4 dart slugs
  5 leopard geckos
  32 orcs
  12 bats
  8 giant cockroaches
  8 goblins
  8 hobgoblins
  15 jackals
  4 quokkas
  7 ball pythons (D:2)
  3 frilled lizards
  18 kobolds
  A leopard gecko zombie (D:7)
  7 rats
  A butterfly (D:6)
372 creatures vanquished.

Vanquished Creatures (others)
  An orc (D:9)
  2 fungi (Lair:1)
  A plant (Lair:1)
4 creatures vanquished.

Grand Total: 376 creatures vanquished

Notes
Turn   | Place    | Note
-------+----------+-------------------------------------------
     0 | D:1      | Mrkan the Troll Fighter began the quest for the Orb.
     0 | D:1      | Reached XP level 1. HP: 22/22 MP: 0/0
   217 | D:1      | Reached XP level 2. HP: 29/29 MP: 1/1
   798 | D:1      | Reached XP level 3. HP: 36/36 MP: 2/2
   999 | D:2      | Reached skill level 3 in Unarmed Combat
  1115 | D:2      | Reached XP level 4. HP: 39/44 MP: 3/3
  1344 | D:2      | Reached skill level 4 in Unarmed Combat
  1348 | D:2      | Reached XP level 5. HP: 48/53 MP: 4/4
  2352 | D:4      | Found a staircase to the Ecumenical Temple.
  2390 | D:4      | Found Ecumoas's Antique Weapon Emporium.
  2554 | D:4      | Reached XP level 6. HP: 44/61 MP: 5/5
  2584 | D:4      | Reached skill level 5 in Unarmed Combat
  3015 | Temple   | Entered the Ecumenical Temple
  3054 | Temple   | Became a worshipper of Ru the Awakened
  3245 | D:5      | Entered Level 5 of the Dungeon
  3301 | D:5      | Reached XP level 7. HP: 56/68 MP: 6/6
  3339 | D:5      | Found a transporter.
  3356 | D:5      | Noticed Prince Ribbit
  3360 | D:5      | Found Giekhl Muna's Book Emporium.
  3388 | D:5      | Killed Prince Ribbit
  3388 | D:5      | Reached skill level 6 in Unarmed Combat
  3446 | D:5      | Found a transporter.
  3448 | D:5      | Noticed a fire bat
  3536 | D:5      | Noticed Pikel
  3692 | D:5      | Killed Pikel
  3692 | D:5      | Reached skill level 7 in Unarmed Combat
  3692 | D:5      | Reached XP level 8. HP: 51/79 MP: 7/7
  3830 | D:5      | Reached skill level 5 in Fighting
  3830 | D:5      | Reached skill level 5 in Shields
  4331 | D:6      | Found a runed translucent door.
  4332 | D:6      | Found a runed translucent door.
  4590 | D:6      | Reached skill level 8 in Unarmed Combat
  4751 | D:7      | Reached XP level 9. HP: 81/88 MP: 8/8
  4784 | D:7      | Gained mutation: You are hated by all. [Ru sacrifice]
  4784 | D:7      | Reached * piety under Ru
  4864 | D:7      | Reached skill level 9 in Unarmed Combat
  4927 | D:7      | Found a runed translucent door.
  4928 | D:7      | Noticed Crazy Yiuf
  4944 | D:7      | Found the +27 Lear's hauberk
  5011 | D:7      | Killed Crazy Yiuf
  5115 | D:7      | Found Lazek's Armour Emporium.
  5123 | D:7      | Bought a +0 large shield for 67 gold pieces
  5664 | D:8      | Reached skill level 10 in Unarmed Combat
  5863 | D:8      | Found Kiffa's Weapon Shoppe.
  6242 | D:9      | Reached XP level 10. HP: 81/100 MP: 9/9
  6270 | D:9      | Found a hazy altar of Hepliaklqana.
  6308 | D:9      | Gained mutation: You are somewhat inexperienced. (-2 XL)
                  | [Ru sacrifice]
  6308 | D:9      | Reached XP level 9. HP: 92/92 MP: 8/8
  6308 | D:9      | Reached XP level 8. HP: 84/84 MP: 7/7
  6308 | D:9      | Reached ** piety under Ru
  6308 | D:9      | Reached *** piety under Ru
  6485 | D:9      | Found a staircase to the Orcish Mines.
  6508 | D:9      | Reached skill level 11 in Unarmed Combat
  6516 | D:9      | Reached XP level 9. HP: 83/92 MP: 8/8
  6524 | D:9      | Noticed a troll
  6534 | D:9      | Killed a troll
  6849 | D:9      | Noticed Grum
  6858 | D:9      | Killed Grum
  6908 | D:10     | Entered Level 10 of the Dungeon
  6928 | D:10     | Reached XP level 10. HP: 94/102 MP: 9/9
  7062 | D:10     | Reached skill level 12 in Unarmed Combat
  7764 | D:11     | Found a flagged portal.
  7782 | Bailey   | Entered a bailey
  8014 | Bailey   | Gained mutation: You cannot train Dodging skill. [Ru
                  | sacrifice]
  8014 | Bailey   | Reached **** piety under Ru
  8014 | Bailey   | Reached ***** piety under Ru
  8056 | Bailey   | Reached skill level 1 in Throwing
  8454 | D:11     | Killed an unseen horror
  8593 | D:11     | Noticed a death yak
  8594 | D:11     | Found a staircase to the Lair.
  8594 | D:11     | Noticed a death yak
  8596 | D:11     | Noticed a death yak
  8620 | D:11     | Killed a death yak
  8620 | D:11     | Reached XP level 11. HP: 44/111 MP: 10/10
  8628 | D:11     | Killed a death yak
  8640 | D:11     | Killed a death yak
  8644 | D:11     | HP: 3/111 [yak (11)]
  8992 | D:11     | Noticed a two-headed ogre
  8999 | D:11     | Killed a two-headed ogre
  8999 | D:11     | Reached skill level 5 in Throwing
  9022 | D:11     | Noticed Sonja
  9033 | D:11     | Killed Sonja
  9315 | D:11     | Killed an unseen horror
  9774 | D:11     | Found a shadowy altar of Dithmenos.
  9832 | Lair:1   | Entered Level 1 of the Lair of Beasts
  9894 | Lair:1   | Noticed Gastronok
  9900 | Lair:1   | Gained mutation: You are frail. (-10% HP) [Ru sacrifice]
  9900 | Lair:1   | Reached ****** piety under Ru
  9913 | Lair:1   | Killed Gastronok
 10091 | Lair:1   | Reached XP level 12. HP: 110/110 MP: 11/11
 10818 | Lair:2   | Found a frozen archway.
 10868 | IceCv    | Entered an ice cave
 10874 | IceCv    | Demolished by an alligator simulacrum

Levels and vault maps discovered:
D:1:      sevenhm_arrival_forest_fort_large_4, layout_loops_corners
D:2:      layout_basic, first_ration, minmay_snake_closets
D:3:      layout_loops_ring
D:4:      layout_basic, temple_doors_e, serial_shops, shop
D:5:      gammafunk_cloud_chamber, layout_basic, serial_shops, shop,
          uniq_prince_ribbit1, uniq_pikel
D:6:      lemuel_insect_pit, layout_loops_cross
D:7:      layout_rooms, serial_shops, shop, uniq_crazy_yiuf_cottage
D:8:      layout_loops_ring, serial_shops, shop, hangedman_pestilent_swarm
D:9:      layout_rooms, nicolae_overflow_crystal_walls, orc_0_dummy, uniq_grum
D:10:     layout_cave_pods
D:11:     layout_stronghold, dpeg_lair_monsters, enter_bailey_2,
          grunt_dithmenos_shadows, uniq_sonja
Temple:   roderic_octagonal_lattice_temple
Lair:1:   layout_roguey, uniq_gastronok
Lair:2:   layout_gridlike, portal_ice_cave_entry_ice_beasts,
          cheibrodos_lair_reptile_den, grunt_megastairs_1
IceCv:    ice_cave_small_necro

Skill      XL: |  1  2  3  4  5  6  7  8  9 10 11 12 |
---------------+-------------------------------------+-----
Unarmed Combat | 3 4 5 7 11 10 12 | 12.1
Fighting       | 3 4 5 7 8 9 |  9.4
Shields        | 3 4 5 7 8 9 |  9.4
Dodging        | 0 |  0.0
Throwing       | 3 7 8 |  8.3

Action                   |  1- 3 |  4- 6 |  7- 9 | 10-12 || total
-------------------------+-------+-------+-------+-------++-------
Melee: Unarmed           |   109 |   195 |   422 |   561 ||  1287
Invok: Sacrifice Experie |       |       |     1 |       ||     1
       Sacrifice Love    |       |       |     1 |       ||     1
       Draw Out Power    |       |       |       |     2 ||     2
       Sacrifice Nimblen |       |       |       |     1 ||     1
       Sacrifice Health  |       |       |       |     1 ||     1
  Use: Scroll            |       |     8 |       |       ||     8
 Stab: Sleeping          |       |     1 |     1 |       ||     2
       Distracted        |       |       |     1 |     2 ||     3
       Paralysed         |       |       |       |     3 ||     3
       Invisible         |       |       |       |     2 ||     2
  Eat: Chunk             |    16 |    18 |    34 |    38 ||   106
Armor: Robe              |    76 |    80 |   136 |   105 ||   397
Dodge: Dodged            |    61 |    58 |   142 |   101 ||   362
Block: Shield            |    72 |    98 |   160 |       ||   330
       Large shield      |       |       |   171 |   470 ||   641
